Map: Dusk Towers

Players

Miszu - Winner!

  • Race: Zerg Zerg
  • League: Master

Ghost

  • Race: Terran Terran
  • League: Master

VOD

Have the link to the VOD?

Description

Time

  • Played on: June 20, 2016, 11:35 a.m.
  • Length: 33:28
Show
View Real Time Build Order
Export as new Build Order

Miszu Zerg - Winner!

Build Orders: Hatch First 

Get SALT Encoding   

  12  0:00  Drone  
  13  0:12  Overlord  
  13  0:18  Drone  
  14  0:30  Drone  
  14  0:31  Drone  
  16  0:36  Drone  
  17  0:55  Hatchery  
  16  0:57  Drone  
  16  1:02  Drone  
  18  1:07  Extractor  
  17  1:18  Spawning Pool  
  17  1:19  Drone  
  17  1:20  Drone  
  18  1:40  Drone  
  19  1:56  Overlord  
  19  2:06  Queen  
  19  2:07  Queen  
  23  2:08  Drone x2  
  23  2:09  Drone  
  26  2:16  Zergling x2  
  26  2:18  Zergling x2  
  28  2:30  Drone x2  
  30  2:39  Overlord  
  30  2:46  Drone x2  
  30  2:50  Metabolic Boost  
  32  2:55  Pneumatized Carapace  
  32  2:57  Hatchery  
  32  2:58  Drone  
  32  3:00  Drone  
  33  3:06  Drone x2  
  35  3:13  Overlord  
  35  3:16  Drone x3  
  35  3:19  Drone  
  39  3:24  Overlord  
  39  3:25  Drone  
  40  3:27  Drone  
  40  3:33  Drone x2  
  43  3:38  Roach Warren  
  43  3:40  Drone  
  43  3:42  Drone  
  44  3:49  Extractor  
  44  3:50  Extractor, Drone x3  
  45  3:57  Lair  
  45  3:58  Drone x2  
  45  3:59  Drone  
  45  4:01  Drone  
  49  4:08  Spore Crawler  
  49  4:09  Spore Crawler  
  47  4:11  Queen  
  49  4:19  Evolution Chamber  
  49  4:20  Roach, Evolution Chamber  
  45  4:24  Roach  
  45  4:26  Roach  
  45  4:28  Drone  
  42  4:35  Drone x2  
  42  4:37  Drone  
  41  4:40  Drone  
  41  4:44  Drone  
  42  4:54  Drone x4  
  46  5:01  Overseer  
  45  5:09  Drone x5  
  49  5:15  Spore Crawler  
  49  5:17  Queen  
  50  5:23  Queen  
  52  5:30  Overlord  
  52  5:31  Drone x2  
  52  5:33  Drone  
  55  5:36  Drone x2  
  55  5:37  Drone  
  58  5:44  Drone x4  
  58  5:46  Drone  
  58  5:47  Drone  
  64  5:50  Drone x2  
  66  5:59  Zerg Missile Weapons Level 1, Zerg Ground Armor Level 1  
  66  6:00  Glial Reconstitution  
  64  6:05  Drone x3  
  64  6:09  Drone x3  
  70  6:14  Overlord  
  70  6:16  Drone  
  70  6:17  Drone x3  
  74  6:20  Overlord  
  74  6:22  Extractor  
  73  6:26  Extractor  
  73  6:28  Extractor  
  70  6:47  Drone x3  
  70  6:48  Roach x8  
  89  6:56  Infestation Pit  
  89  6:58  Overlord x2  
  89  6:59  Overlord x4  
  88  7:03  Ravager  
  88  7:04  Ravager  
  90  7:12  Overlord x3  
  90  7:28  Roach  
  90  7:29  Roach x8  
  108  7:37  Hive  
  108  7:46  Hatchery  
  103  7:57  Queen  
  103  7:58  Overseer  
  105  8:05  Spore Crawler  
  104  8:09  Roach  
  104  8:10  Roach x11  
  128  8:16  Zerg Ground Armor Level 2  
  128  8:29  Drone x3  
  128  8:30  Drone  
  132  8:39  Hatchery  
  129  9:00  Overlord x2  
  129  9:01  Ultralisk Cavern, Zerg Missile Weapons Level 2  
  128  9:09  Queen  
  126  9:21  Queen  
  128  9:25  Overlord  
  128  9:27  Hatchery  
  127  9:48  Chitinous Plating  
  127  9:50  Ultralisk x4  
  151  9:55  Ravager  
  151  9:56  Ravager x4  
  156  10:00  Ravager x2  
  156  10:04  Drone x3  
  156  10:05  Drone  
  162  10:13  Drone x9  
  162  10:14  Drone x5  
  166  10:29  Ultralisk x2  
  166  10:47  Ultralisk  
  166  10:48  Ultralisk  
  166  10:49  Overlord x3  
  174  11:03  Zergling x2  
  163  11:28  Spire  
  163  11:32  Hatchery  
  160  11:35  Ultralisk x2  
  172  11:44  Queen  
  174  11:48  Overlord  
  174  11:53  Zerg Ground Armor Level 3  
  174  12:00  Roach  
  170  12:20  Queen  
  172  12:31  Hatchery  
  172  12:33  Queen  
  172  12:34  Hatchery  
  172  12:36  Infestor x2  
  172  12:37  Infestor x3  
  180  13:03  Queen  
  182  13:10  Drone x16  
  198  13:16  Greater Spire  
  196  13:38  Queen  
  196  13:39  Extractor x2  
  196  13:43  Corruptor x2  
  196  13:48  Extractor  
  199  13:52  Extractor  
  198  14:09  Corruptor  
  200  14:14  Spine Crawler  
  189  14:43  Infestor  
  191  14:46  Corruptor, Ravager  
  191  14:47  Corruptor x2, Ravager  
  199  14:55  Zerg Melee Weapons Level 1  
  199  14:56  Zerg Missile Weapons Level 3  
  199  14:59  Hatchery  
  196  15:07  Spore Crawler  
  155  15:33  Ultralisk  
  155  15:34  Ultralisk x7  
  155  15:35  Ultralisk  
  183  15:37  Infestor  
  185  15:46  Drone x3  
  185  15:47  Drone x3  
  191  15:50  Drone x3  
  191  15:51  Drone x4  
  198  16:08  Zerg Flyer Weapons Level 1  
  198  16:09  Corruptor  
  200  16:17  Spore Crawler, Spine Crawler  
  198  16:18  Spine Crawler  
  198  16:23  Extractor  
  198  16:25  Pathogen Glands  
  196  16:26  Extractor  
  196  16:30  Infestor x2  
  197  16:55  Hatchery  
  197  17:01  Infestor x2  
  182  17:58  Zergling x4  
  182  17:59  Zergling x34  
  182  18:01  Baneling Nest  
  192  18:16  Spine Crawler  
  191  18:31  Spine Crawler  
  190  18:38  Overlord, Nydus Network, Hatchery  
  190  18:39  Overlord  
  190  18:41  Zergling x2  
  189  18:45  Centrifical Hooks  
  189  18:48  Baneling  
  189  18:49  Baneling  
  189  18:50  Baneling x2  
  189  18:51  Baneling  
  189  19:00  Baneling x5  
  189  19:03  Zergling x8  
  184  19:15  Ultralisk x2  
  184  19:16  Zergling x2  
  184  19:17  Zergling x6  
  188  19:33  Nydus Canal  
  172  20:12  Nydus Canal  
  172  20:13  Overseer  
  171  20:16  Zergling x32  
  187  20:49  Nydus Canal  
  182  20:57  Zergling x8  
  182  20:58  Zergling x12  
  182  20:59  Baneling  
  182  21:00  Baneling x4  
  192  21:08  Overseer  
  192  21:27  Zergling x12, Baneling  
  192  21:28  Baneling  
  198  21:39  Zergling x20  
  176  21:55  Corruptor x7  
  176  21:56  Corruptor  
  176  22:00  Zergling x2  
  173  22:01  Queen  
  173  22:02  Queen x2  
  173  22:03  Queen  
  173  22:05  Queen  
  169  22:17  Infestor x2  
  169  22:18  Infestor x3  
  169  22:19  Baneling  
  169  22:20  Corruptor, Baneling x3  
  169  22:22  Ultralisk x3  
  167  22:37  Queen  
  163  22:53  Corruptor  
  163  22:54  Ultralisk x4  
  163  22:55  Ultralisk  
  163  22:56  Zergling x10  
  197  23:04  Overseer x3  
  197  23:13  Queen  
  181  24:06  Zergling x12  
  181  24:07  Zergling x14  
  189  24:15  Zergling x20  
  193  24:26  Corruptor  
  193  24:31  Zergling x16  
  199  24:36  Spore Crawler  
  195  24:42  Infestor  
  195  24:43  Infestor x2, Spore Crawler  
  200  24:46  Spore Crawler  
  198  25:02  Overseer  
  194  25:34  Nydus Canal  
  194  25:39  Zergling x10  
  180  26:24  Zergling x52  
  180  26:25  Zergling x12  
  196  26:46  Nydus Canal  
  190  26:50  Baneling, Ultralisk  
  190  26:51  Baneling x5  
  187  26:58  Ultralisk x4  
  181  27:27  Burrow, Hatchery  
  177  27:36  Zergling x4  
  177  27:37  Zergling x6  
  182  27:41  Overlord x2  
  182  27:42  Drone  
  184  27:44  Zergling x6  
  184  27:45  Zergling x8, Zerg Melee Weapons Level 2  
  184  27:47  Zerg Flyer Weapons Level 2  
  171  27:58  Zergling x12  
  171  27:59  Zergling x26  
  171  28:02  Extractor  
  171  28:03  Baneling  
  171  28:04  Extractor, Baneling x9  
  170  28:15  Infestor  
  170  28:16  Infestor x4  
  180  28:52  Nydus Canal  
  180  28:58  Zergling x16  
  180  29:01  Zergling x12  
  180  29:02  Zergling x8  
  177  29:27  Zergling x24  
  173  29:40  Corruptor x2  
  173  29:41  Corruptor x3  
  164  29:59  Nydus Canal  
  163  30:00  Zergling x16  
  163  30:01  Zergling x10  
  163  30:05  Baneling x5  
  163  30:06  Baneling  
  176  30:13  Extractor  
  175  30:23  Baneling x6  
  142  30:46  Zergling x4  
  144  30:54  Zergling x10  
  144  30:55  Zergling x22  
  144  31:09  Zergling x10  
  144  31:10  Zergling x6  
  150  31:11  Adrenal Glands  
  150  31:18  Zergling x8  
  152  31:21  Zergling x10  
  157  31:32  Zergling x12  
  163  31:33  Corruptor  
  163  31:37  Baneling x8  
  163  31:38  Baneling x2  
  163  31:39  Baneling  
  165  31:40  Zergling x8  
Show
View Real Time Build Order
Export as new Build Order

Ghost Terran 

Build Orders: Reaper Expand, Bio Tank, Banshee Rush 

Get SALT Encoding   

  12  0:01  SCV  
  13  0:13  SCV  
  14  0:17  Supply Depot  
  14  0:25  SCV  
  15  0:39  SCV  
  15  0:40  Barracks  
  16  0:45  Refinery  
  16  0:51  SCV  
  17  1:03  SCV  
  18  1:15  SCV  
  19  1:27  Orbital Command  
  19  1:29  Reaper  
  20  1:44  Command Center  
  20  1:53  SCV  
  21  1:55  Supply Depot  
  21  2:00  Marine  
  22  2:05  SCV  
  23  2:11  Factory  
  23  2:19  Refinery  
  23  2:21  SCV  
  24  2:23  Barracks Reactor  
  24  2:33  SCV  
  25  2:45  SCV  
  26  2:56  Starport  
  26  2:58  Orbital Command  
  26  2:59  SCV  
  27  3:10  Barracks Tech Lab  
  27  3:11  Hellion x2  
  27  3:12  SCV  
  31  3:24  SCV x2  
  33  3:32  Hellion x2  
  37  3:36  SCV  
  37  3:38  SCV  
  37  3:39  Cloaking Field, Banshee  
  42  3:41  Supply Depot  
  42  3:50  SCV x2  
  44  4:02  SCV x2  
  46  4:03  Barracks Tech Lab  
  46  4:04  Command Center  
  46  4:14  SCV  
  46  4:16  Barracks  
  47  4:20  SCV  
  48  4:31  Banshee  
  49  4:36  SCV  
  46  4:40  Marine  
  46  4:41  Factory Reactor  
  46  4:44  SCV  
  46  4:45  Barracks  
  46  4:48  SCV  
  46  4:49  Stimpack  
  47  4:54  Engineering Bay  
  47  4:56  Refinery, SCV  
  47  4:59  Engineering Bay  
  48  5:00  Refinery  
  48  5:01  SCV  
  49  5:09  Marine x3  
  49  5:12  SCV  
  53  5:18  Orbital Command  
  53  5:24  Starport Reactor  
  53  5:25  SCV  
  53  5:28  Siege Tank  
  57  5:31  Terran Infantry Weapons Level 1  
  57  5:33  Barracks, SCV  
  57  5:34  Barracks  
  58  5:38  Marine x3  
  58  5:40  Orbital Command  
  61  5:45  SCV  
  62  5:50  Marine x2  
  62  5:52  SCV  
  65  5:57  Supply Depot  
  65  5:58  SCV  
  65  6:00  Supply Depot x2  
  66  6:04  SCV  
  66  6:05  Marine x2  
  66  6:08  Terran Infantry Armor Level 1  
  69  6:18  Marine x3, Siege Tank, SCV x2  
  69  6:22  SCV  
  69  6:24  Barracks Reactor x2  
  69  6:25  Marine x2  
  80  6:30  Supply Depot  
  80  6:31  SCV x2  
  80  6:32  Bunker  
  82  6:35  SCV  
  82  6:37  Medivac x2  
  87  6:41  Supply Depot x2  
  87  6:43  SCV x2  
  87  6:46  Marine x3  
  87  6:47  Marine x2  
  89  6:52  SCV  
  92  6:55  Supply Depot, Siege Tank  
  92  6:59  SCV  
  96  7:03  Supply Depot, SCV  
  96  7:04  Marine, SCV, Armory  
  96  7:07  Marine x4  
  96  7:08  Marine x4  
  106  7:10  Combat Shields  
  107  7:20  Supply Depot, SCV  
  107  7:21  Supply Depot, SCV x2  
  107  7:22  Marine  
  111  7:25  Marine  
  112  7:30  Siege Tank  
  112  7:31  Marine x3  
  112  7:32  Marine x4  
  112  7:33  SCV  
  112  7:35  Factory  
  124  7:37  SCV x2  
  124  7:40  Marine  
  124  7:42  Medivac x2  
  130  7:45  SCV  
  129  7:53  Marine x3  
  129  7:54  Marine x5  
  137  8:02  Supply Depot, Siege Tank  
  137  8:04  Supply Depot  
  140  8:12  Marine x4  
  142  8:13  Marine x4  
  142  8:18  Marine  
  149  8:20  Factory Tech Lab, Terran Infantry Weapons Level 2  
  149  8:21  Terran Infantry Armor Level 2  
  149  8:22  Supply Depot  
  149  8:24  SCV  
  150  8:28  Supply Depot, Barracks  
  150  8:30  Marine x2, SCV x2  
  150  8:32  Barracks  
  154  8:38  SCV  
  152  8:42  SCV  
  152  8:46  Marine x4  
  152  8:47  Marine x3  
  152  8:48  Siege Tank  
  163  8:52  Medivac x2, Siege Tank  
  170  9:01  Refinery  
  170  9:04  Supply Depot, Refinery  
  170  9:05  Marine x6  
  170  9:06  Marine  
  174  9:16  Marine, Marauder  
  178  9:18  Barracks Tech Lab  
  178  9:22  Barracks Tech Lab  
  177  9:28  Marine  
  177  9:29  Marine x6  
  184  9:32  Command Center  
  184  9:33  Marine  
  184  9:38  Marauder  
  187  9:40  Marine  
  187  9:43  Terran Vehicle Weapons Level 1  
  187  9:44  Ghost Academy  
  188  9:46  Marine  
  188  9:50  Supply Depot, Concussive Shells  
  189  9:57  Supply Depot  
  189  9:59  Supply Depot  
  189  10:11  Marine x6, Marauder  
  197  10:19  Siege Tank  
  197  10:20  Marine x3  
  199  10:21  Marauder  
  199  10:23  Siege Tank  
  199  10:43  Ghost  
  199  10:55  Barracks Tech Lab  
  196  10:58  Command Center  
  196  11:07  Liberator x2  
  196  11:09  Ghost x2  
  194  11:12  Ghost  
  194  11:17  Marine x2  
  194  11:18  Marine x3  
  193  11:19  Marauder  
  193  11:25  Siege Tank x2  
  178  11:37  Ghost  
  178  11:38  Ghost  
  178  11:39  Ghost  
  181  11:40  Marine x3  
  185  11:47  Ghost  
  185  11:48  Marine  
  185  11:52  Liberator x2  
  187  12:12  Ghost x2  
  194  12:29  Ghost  
  194  12:35  Orbital Command  
  194  12:36  Refinery  
  179  12:39  Command Center  
  179  12:43  Ghost x2  
  176  12:55  Medivac x2  
  180  12:59  Refinery  
  180  13:04  Sensor Tower  
  180  13:09  Command Center  
  180  13:11  Command Center  
  180  13:14  Command Center  
  180  13:15  Ghost x2  
  184  13:25  Medivac x2  
  180  13:30  Siege Tank  
  183  13:42  Siege Tank  
  186  13:52  Ghost x3  
  192  14:08  Marine  
  191  14:18  SCV  
  189  14:27  Marine  
  189  14:29  Orbital Command x2  
  189  14:30  Planetary Fortress  
  179  14:33  Siege Tank x2  
  179  14:35  Medivac x2  
  179  14:40  Starport  
  179  14:50  Ghost x2  
  179  14:51  Marine, Ghost  
  186  15:15  Planetary Fortress  
  186  15:18  Starport  
  186  15:19  Starport  
  121  15:34  Marine x4  
  121  15:35  Marine, Ghost  
  110  15:36  Marauder x2  
  107  15:44  Marine x2  
  107  15:45  Medivac x2  
  113  15:52  Marine  
  113  15:53  Marine x3  
  113  15:54  Marine, Refinery x2  
  118  15:57  Marine, Liberator x2  
  118  16:02  Marine x2, Marauder  
  123  16:10  Marine, Ghost  
  126  16:12  Siege Tank  
  126  16:13  Siege Tank  
  126  16:14  Ghost  
  140  16:19  Ghost  
  140  16:22  Command Center  
  140  16:23  Marine x3  
  140  16:24  Marine x2  
  147  16:27  Medivac x2  
  151  16:35  Personal Cloaking  
  151  16:42  Ghost x2  
  151  16:43  Marine  
  153  16:55  Ghost x2  
  157  17:10  Siege Tank x2, Ghost  
  165  17:16  Ghost  
  165  17:19  Sensor Tower  
  167  17:27  Command Center x2  
  161  18:00  Ghost x3  
  161  18:03  Ghost  
  164  18:17  Marine x2  
  161  18:26  Siege Tank  
  161  18:27  Siege Tank  
  164  18:28  Viking x3, Ghost  
  164  18:29  Viking, Ghost x2  
  178  18:37  Planetary Fortress  
  178  18:44  Refinery  
  178  18:45  Command Center  
  178  18:46  Refinery  
  174  18:59  Siege Tank  
  174  19:00  Marine  
  174  19:01  Marauder x3  
  178  19:14  Siege Tank  
  181  19:29  Ghost x2  
  181  19:31  Siege Tank  
  188  19:46  Siege Tank  
  188  19:50  SCV  
  192  19:57  Marine  
  193  20:01  Liberator x2  
  193  20:07  Ghost Academy, Orbital Command  
  199  20:27  Orbital Command  
  199  20:28  Marine  
  199  20:29  Command Center  
  200  20:49  Ghost  
  190  20:50  Ghost  
  194  21:06  Command Center  
  194  21:07  Ghost x2  
  198  21:42  Ghost  
  133  21:55  Marine  
  133  21:56  Marine, Liberator x3  
  133  21:57  Liberator  
  133  21:59  Marine x4  
  133  22:00  Marauder  
  122  22:08  Marine  
  119  22:09  Marine  
  119  22:12  Marine x2  
  130  22:21  Marauder  
  130  22:26  Marauder  
  130  22:27  Marauder  
  133  22:30  Marine  
  133  22:36  Marine  
  135  22:39  Marine x2  
  135  22:40  Marine, Marauder  
  135  22:43  Marauder  
  142  22:44  Marine  
  142  22:47  Marauder  
  142  22:48  Marine x2  
  147  22:54  Marine  
  147  22:57  Marine x2  
  149  23:01  Barracks  
  149  23:02  Marine, Marauder  
  152  23:07  Ghost x2  
  152  23:08  Marine x2, Ghost  
  152  23:09  Siege Tank x2  
  166  23:17  Marine  
  166  23:18  Marine  
  166  23:19  Viking x3  
  174  23:22  Ghost  
  174  23:23  Barracks  
  176  23:35  Ghost x2  
  177  23:49  Marine  
  177  23:51  Ghost  
  151  24:04  Ghost  
  140  24:12  Marine  
  126  24:19  Ghost  
  126  24:21  Marine  
  125  24:25  SCV  
  125  24:29  Marine x2  
  125  24:30  Marine  
  129  24:32  Ghost  
  129  24:33  SCV  
  129  24:35  Medivac x2  
  129  24:36  Medivac, Barracks x4  
  138  24:48  Ghost  
  140  24:56  Marine x2  
  140  24:57  Marine  
  142  25:05  Medivac  
  144  25:07  Barracks Tech Lab  
  144  25:22  Ghost x2  
  148  25:30  Barracks Tech Lab x2  
  148  25:32  Barracks Tech Lab  
  148  25:39  Marine  
  148  25:42  Barracks Tech Lab  
  149  25:43  Marine x3  
  149  25:46  Refinery, Medivac x2  
  149  25:47  Refinery  
  149  25:48  Medivac  
  158  25:51  Ghost x2  
  154  26:15  Ghost  
  155  26:19  Ghost  
  155  26:22  Ghost  
  155  26:24  Marauder, Ghost  
  161  26:33  Marine  
  150  26:43  Orbital Command, Ghost  
  150  26:45  Ghost  
  134  26:48  Ghost  
  134  26:50  Ghost  
  127  27:00  Marine  
  124  27:01  Marine  
  124  27:06  Ghost  
  126  27:12  Marine  
  117  27:16  Marine, Ghost  
  117  27:19  Ghost  
  106  27:34  SCV x4  
  106  27:35  SCV x2  
  112  27:41  SCV  
  104  28:06  Marine  
  104  28:07  Orbital Command  
  105  28:22  Viking x3  
  105  28:25  Marine x3  
  114  28:45  Marauder x2  
  118  28:52  Medivac x2  
  122  28:58  SCV, Orbital Command  
  122  28:59  SCV x5  
  122  29:00  SCV  
  129  29:04  Marine, Marauder  
  132  29:19  Marauder  
  124  29:35  Marine  
  117  29:45  Marine  
  116  29:55  Marine  
  117  30:29  Orbital Command  
  96  30:38  Marine  
  96  30:39  Marine  
  69  30:43  Marauder  
  69  30:47  Marauder x2  
  74  30:50  SCV  
  74  30:56  Marauder  
  78  30:57  Marauder  
  78  31:04  Marine  
  75  31:08  Marine x2  
  78  31:17  Ghost x2  
  82  31:19  SCV x3  
  82  31:21  SCV x3  
  82  31:22  Marine  
  89  31:25  Marine  
  89  31:31  Barracks  
  89  31:32  Barracks  
  90  31:35  Ghost  
  90  31:37  SCV  
  93  31:43  SCV x4  
  97  31:48  Marauder  
  99  31:57  Ghost  
  99  31:59  SCV  
  102  32:03  Marauder x2  
  102  32:05  Marauder  
  108  32:14  Marauder  
  108  32:15  SCV x3  
Tags
 
Add a new tag
Caveats
  • Supply blocks, unpowered buildings, or Contaminate may cause inaccurate times.
  • Supply counts are checked every 10 seconds.